 Dungeon Sprint DCSS version 0.31.0-9-g3a7656b989 (webtiles) character file.

Game seed: 13609151533610017350

124 Groucho the Trooper (level 4, -2/45 HPs)
             Began as a Minotaur Fighter on Jan 26, 2024.
             Slain by a shadow (10 damage)
             ... in the Dungeon (Sprint III: "The Ten Rune Challenge").
             The game lasted 00:01:39 (730 turns).

Groucho the Trooper (Minotaur Fighter)               Turns: 730, Time: 00:01:39

Health: -2/45      AC:  7    Str: 22    XL:     4   Next: 81%
Magic:  5/5        EV:  9    Int:  5    God:
Gold:   28         SH:  5    Dex: 10    Spells: 3/3 levels left

rFire   . . .        a - +0 flail
rCold   . . .        c - +0 buckler
rNeg    . . .        b - +0 scale mail
rPois   .            (helmet restricted)
rElec   .            (no cloak)
rCorr   .            (no gloves)
SInv    .            (no boots)
Will    .....        (no amulet) Stlth
                     (no ring)
HPRegen 0.27/turn    (no ring)
MPRegen 0.09/turn

%: no teleportation
@: no status effects
A: horns 2, retaliatory headbutt, inability to read after injury 1
a: no special abilities


You were in the Dungeon.
You visited 1 branch You collected 28 gold pieces.

Inventory:

Hand Weapons
 a - a +0 flail (weapon)
Armour
 b - a +0 scale mail (worn)
 c - a +0 buckler (worn)
Scrolls
 j - a scroll of blinking
 l - a scroll of poison {unknown}
 m - 2 scrolls of identify {unknown}
 o - a scroll of immolation {unknown}
Potions
 d - a potion of might
 e - a potion of curing
 f - a potion of heal wounds
 g - 2 potions of haste
 h - 2 potions of magic
 n - 3 potions of enlightenment
 p - a potion of brilliance {unknown}


   Skills:
 + Level 6.4 Fighting
 + Level 5.5 Maces & Flails
 + Level 6.3 Armour
 + Level 6.3 Shields
 + Level 3.8 Invocations


You had 3 spell levels left.
You didn't know any spells.
Your spell library was empty.

Dungeon Overview and Level Annotations

Branches:
Dungeon (1/1)

Altars:


Innate Abilities, Weirdness & Mutations

You have a pair of horns on your head.
You reflexively headbutt those who attack you in melee.
You occasionally lose the ability to read scrolls when taking damage.


Message History

You start waiting.
Done waiting.
A shadow comes into view.
There is an open door here.
You closely miss the shadow.
The shadow slips into darkness.
The shadow flickers and vanishes!
Deactivating autopickup; reactivate with Ctrl-A.
You barely miss something.
The shadow strikes at you from the darkness!
Reactivating autopickup.
You hit the shadow. Your headbutt misses the shadow.
The shadow is lightly damaged.
The shadow hits you.
You hit the shadow. Your headbutt misses the shadow.
The shadow is moderately damaged.
You block the shadow's attack. x2
You sock the shadow!
The shadow is heavily damaged.
The shadow hits you.
You hit the shadow.
The shadow is severely damaged.
The shadow hits you.
You barely miss the shadow.
The shadow is severely damaged.
The shadow hits you.
You barely miss the shadow.
The shadow is severely damaged.
The shadow slips into darkness.
The shadow flickers and vanishes!
Deactivating autopickup; reactivate with Ctrl-A.
You closely miss something. Your headbutt misses something.
The shadow strikes at you from the darkness!
Reactivating autopickup.
You barely miss the shadow. You headbutt the shadow.
The shadow is severely damaged.
The shadow hits you!
* * * LOW HITPOINT WARNING * * *
The shadow hits you!
You die...

▓ ▓▓▓ ♣ ♣.# ♣ ♣.#
♣♣ ♣♣.#
.♣♣♣..###+#+###+##
♣♣.♣♣.#..........#
~.♣♣..'.⌠........#
~~~.♣.#...######@#
~~....#.⌠.# #.W.#
~.....#...# #...#
......#+### #...#
......# #...+
......# +...#
▓▓▓▓▓▓▓ ▓▓▓▓▓


You could see a shadow.

Vanquished Creatures
  A water elemental (D)
  A jelly (D)
  A human (D)
  A wolf (D)
  2 endoplasms (D)
  2 rats (D)
8 creatures vanquished.

Notes
Turn   | Place    | Note
-------+----------+-------------------------------------------
     0 | D        | Groucho the Minotaur Fighter began the quest for the Orb.
     0 | D        | Reached XP level 1. HP: 19/19 MP: 0/0
    54 | D        | Reached skill level 1 in Invocations
    54 | D        | Reached XP level 2. HP: 23/28 MP: 0/2
   244 | D        | Reached skill level 5 in Fighting
   244 | D        | Reached skill level 5 in Armour
   244 | D        | Reached skill level 5 in Shields
   244 | D        | Reached XP level 3. HP: 21/36 MP: 3/3
   452 | D        | Gained mutation: Your spells are a little harder to cast,
                  | but a little more powerful. [potion of mutation]
   452 | D        | Gained mutation: Armour fits poorly on your strangely
                  | shaped body. [potion of mutation]
   452 | D        | Gained mutation: You have a pair of large horns on your
                  | head. [potion of mutation]
   453 | D        | Lost mutation: You have a pair of large horns on your head.
                  | [potion of mutation]
   453 | D        | Lost mutation: Armour fits poorly on your strangely shaped
                  | body. [potion of mutation]
   453 | D        | Lost mutation: Your spells are a little harder to cast, but
                  | a little more powerful. [potion of mutation]
   453 | D        | Gained mutation: Your magical capacity is low. (-10% MP)
                  | [potion of mutation]
   454 | D        | Lost mutation: Your magical capacity is low. (-10% MP)
                  | [potion of mutation]
   454 | D        | Gained mutation: You occasionally lose the ability to read
                  | scrolls when taking damage. [potion of mutation]
   459 | D        | Noticed a water elemental
   465 | D        | Killed a water elemental
   466 | D        | Reached skill level 5 in Maces & Flails
   466 | D        | Reached XP level 4. HP: 44/44 MP: 3/5
   720 | D        | Noticed a shadow
   730 | D        | Slain by a shadow

Illustrated notes

Levels and vault maps discovered:
D:        dungeon_sprint_mu [sprint_mu_entry_forest, sprint_mu_temple_rooms,
          sprint_mu_d1_horrors, sprint_mu_d2_genie, sprint_mu_d3_branching,
          sprint_mu_orc_legion, sprint_mu_elf_gauntlet, sprint_mu_hive_nellie,
          sprint_mu_lair_fedhas, sprint_mu_vaults_butterflies,
          sprint_mu_slime_circle, sprint_mu_shoals_kraken,
          sprint_mu_snake_twists, sprint_mu_blade_basic,
          sprint_mu_crypt_fortress, sprint_mu_tomb_spiral,
          sprint_mu_vestibule_basic, sprint_mu_gehenna_hellfire,
          sprint_mu_dis_giant, sprint_mu_tartarus_statrot,
          sprint_mu_cocytus_islands, sprint_mu_zot1]

Skill      XL: |  1  2  3 |
---------------+----------+-----
Fighting       | 4 5 6 |  6.4
Armour         | 4 5 6 |  6.3
Shields        | 4 5 6 |  6.3
Maces & Flails | 3 4 5 |  5.5
Invocations    | 1 2 3 |  3.8

Action                     |  1- 3 |  4- 6 || total
---------------------------+-------+-------++-------
  Melee: Flail             |    21 |    14 ||    35
         Headbutt          |     1 |     2 ||     3
    Use: Potion            |     4 |       ||     4
 Armour: Scale mail        |    17 |     9 ||    26
  Dodge: Dodged            |     6 |     2 ||     8
  Block: Buckler           |     4 |     3 ||     7
